 Dungeon Crawl Stone Soup version 0.25.1-2-g60ff931df9 (webtiles) character file.

Game seed: 14429530089857631901

11165 DearestLeader the Severer (level 11, -3/91 HPs)
             Began as a Hill Orc Monk on Nov 15, 2020.
             Was a Priest of Beogh.
             Engulfed by an ice statue's freezing vapour (13 damage)
             ... in an ice cave.
             The game lasted 00:26:34 (13735 turns).

DearestLeader the Severer (Hill Orc Monk)          Turns: 13735, Time: 00:26:35

Health: -3/91      AC: 13    Str: 18    XL:     11   Next: 73%
Magic:  15/15      EV: 11    Int: 10    God:    Beogh [***...]
Gold:   168        SH:  0    Dex: 13    Spells: 10/10 levels left

rFire    x . .     SeeInvis .   e - +2 war axe (freeze)
rCold    + . .     Gourm    .   (no shield)
rNeg     + . .     Faith    .   H - +0 scale mail "Plog" {rElec rN+}
rPois    .         Spirit   .   O - +0 helmet
rElec    +         Reflect  .   g - +0 cloak
rCorr    .         Harm     .   P - +0 pair of gloves {archery}
MR       +....                  (no boots)
Stlth    ..........             (no amulet)
HPRegen  0.25/turn              b - ring of ice
MPRegen  0.14/turn              m - ring of protection from magic

@: no status effects
A: no striking features
a: Smiting, Renounce Religion


You were in an ice cave.
You worshipped Beogh.
Beogh was most pleased with you.
You were not hungry.

You visited 1 branch of the dungeon, and saw 11 of its levels.
You also visited: Sewer and Ice Cave.

You collected 408 gold pieces.
You spent 240 gold pieces at shops.

Inventory:

Hand Weapons
 e - a +2 war axe of freezing (weapon)
 F - a +0 shortbow
Missiles
 a - 8 javelins
 l - 81 poisoned darts (quivered)
 z - 131 arrows
Armour
 g - a +0 cloak (worn)
 i - a +2 ring mail of fire resistance
 j - a scarf of repulsion
 H - the +0 scale mail "Plog" (worn) {rElec rN+}
   (You found it on level 7 of the Dungeon)

   It insulates you from electricity.
   It protects you from negative energy.
 K - a +0 plate armour
 O - a +0 helmet (worn)
 P - a +0 pair of gloves of archery (worn)
Jewellery
 b - a ring of ice (left hand)
 f - a cursed -4 ring of evasion
 k - an uncursed ring of resist corrosion
 m - a ring of protection from magic (right hand)
 C - a +4 ring of evasion
 Q - an uncursed ring of wizardry
 T - an uncursed ring of protection from magic
 X - an uncursed ring of poison resistance {unknown}
 Y - an uncursed ring of protection from magic
Wands
 y - a wand of iceblast (4)
 G - a wand of random effects (24)
 J - a wand of flame (19)
 S - a wand of digging (5)
 W - a wand of paralysis (4)
Scrolls
 d - a scroll of immolation
 q - 5 scrolls of teleportation
 t - 4 scrolls of remove curse
 u - 2 scrolls of random uselessness
 v - 2 scrolls of fog
 w - 3 scrolls of brand weapon
 B - a scroll of amnesia {unknown}
 D - 3 scrolls of magic mapping
 I - a scroll of fear {unknown}
 M - a scroll of noise {unknown}
 N - 2 scrolls of identify
 R - a scroll of torment {unknown}
Potions
 h - 4 potions of curing
 n - a potion of degeneration {unknown}
 o - 2 potions of mutation
 p - a potion of heal wounds
 r - 3 potions of might
 x - 4 potions of flight
 A - a potion of berserk rage {unknown}
 E - 3 potions of lignification {unknown}
 L - a potion of brilliance {unknown}
 V - a potion of haste
Miscellaneous
 s - a phantom mirror
Comestibles
 c - 22 rations


   Skills:
 + Level 6.4 Fighting
 * Level 17.3 Axes
 + Level 10.4 Armour
 - Level 2.4 Dodging
 - Level 1.5 Stealth
 - Level 0.3 Unarmed Combat
 + Level 6.4 Invocations


You had 10 spell levels left.
You didn't know any spells.
Your spell library was empty.

Dungeon Overview and Level Annotations

Branches:
Dungeon (11/15)            Temple (0/1) D:6            Lair (0/6) D:11
    Orc (0/2) D:10          Sewer (visited)           IceCv (1/1)

Altars:
Ashenzari
Elyvilon
Hepliaklqana
Nemelex Xobeh
Okawaru
Qazlal
Ru
Sif Muna
Trog
Uskayaw
Vehumet
Xom
Yredelemnul
Zin
The Shining One

Shops:
D:9 [

Annotations:
IceCv exclusion: 2 ice statues


Message History

The ice statue is moderately damaged.
You are engulfed in freezing vapours.
You resist. The ice statue gestures at you. The bolt of cold misses you.
The ice statue gestures.
You hit the ice statue but do no damage.
The ice statue is moderately damaged.
You are engulfed in freezing vapours.
You resist.
You slash the ice statue!
The ice statue is heavily damaged.
You are engulfed in freezing vapours.
You resist. The ice statue gestures at you. The shard of ice hits you!
You partially resist.
* * * LOW HITPOINT WARNING * * *
The ice statue gestures.
Okay, then.
You are engulfed in freezing vapours.
You resist.
* * * LOW HITPOINT WARNING * * *
You are engulfed in freezing vapours.
You resist.
You die...

##.....##
##.......##
#.........#
#.........#
#........[#
#.........#
#.......).#
#####°#####
#....°@°°8#
#....°☼○○○#
#.....○○..#
#....○°○°°#
#....Y....#
##.......##
##.....##
###8###


You could see 2 ice statues and an ice beast (summoned).

Vanquished Creatures
  Erolcha (D:10)
  A hydra (D:11)
  Pikel (D:5)
  An ugly thing (IceCv)
  An ice statue (IceCv)
  Prince Ribbit (D:9)
  A hippogriff (D:10)
  5 yaks (D:10)
  4 hogs (D:7)
  3 hungry ghosts
  A human (D:7)
  3 wargs (D:10)
  A soldier ant (D:10)
  A water moccasin (D:10)
  4 black bears
  2 orc warriors
  2 slaves (D:5)
  Purgy (Sewer)
  9 ice beasts
  3 sky beasts
  An eye of draining (D:11)
  2 ogres (D:9)
  7 centaurs
  2 big kobolds
  A bullfrog (D:10)
  2 scorpions
  3 wights (D:6)
  7 howler monkeys
  A quasit (D:5)
  A centaur zombie (D:5)
  3 crimson imps
  3 orc priests
  4 jellies
  Crazy Yiuf (D:6)
  9 hounds
  3 orc wizards
  2 centaur skeletons
  Natasha (thrice) (D:4)
  3 iguanas
  7 worker ants
  A hound zombie (D:5)
  A hound skeleton (D:9)
  A howler monkey zombie (D:7)
  3 gnolls (D:4)
  18 adders
  3 shadow imps
  3 oozes
  2 adder skeletons
  A dart slug (D:1)
  3 worms
  10 leopard geckos
  24 orcs
  3 ball pythons
  7 bats
  4 giant cockroaches
  11 hobgoblins
  13 jackals
  19 kobolds
  2 quokkas
  8 frilled lizards
  4 goblins
  A leopard gecko zombie (D:6)
  A quokka skeleton (D:5)
  A quokka zombie (D:10)
  10 rats
265 creatures vanquished.

Vanquished Creatures (collateral kills)
  An unseen horror (D:10)
  A gargoyle (D:11)
  A troll (D:10)
  A water moccasin (D:10)
  A sky beast (D:10)
  2 ogres (D:10)
  A phantom (D:10)
  A centaur (D:10)
  A bullfrog zombie (D:10)
  A bullfrog skeleton (D:11)
  A centaur skeleton (D:11)
  An orc priest (D:10)
  A worker ant (D:10)
  A shadow imp (D:11)
  A kobold (D:11)
16 creatures vanquished.

Vanquished Creatures (others)
  An orc wizard (D:10)
  An orc priest (D:8)
  3 orcs
5 creatures vanquished.

Grand Total: 286 creatures vanquished

Notes
Turn   | Place    | Note
-------+----------+-------------------------------------------
     0 | D:1      | DearestLeader the Hill Orc Monk began the quest for the
                  | Orb.
     0 | D:1      | Reached XP level 1. HP: 19/19 MP: 1/1
    86 | D:1      | Reached XP level 2. HP: 14/26 MP: 2/2
   280 | D:1      | Reached skill level 5 in Axes
   300 | D:1      | Reached XP level 3. HP: 9/31 MP: 3/3
  1154 | D:2      | Reached skill level 6 in Axes
  1257 | D:2      | Reached XP level 4. HP: 39/39 MP: 4/4
  1366 | D:2      | Reached skill level 1 in Armour
  1934 | D:2      | Reached XP level 5. HP: 39/45 MP: 5/5
  2196 | D:2      | Found a glowing silver altar of Zin.
  2270 | D:2      | Found a bloodstained altar of Trog.
  2275 | D:2      | Reached skill level 7 in Axes
  3154 | D:3      | Found a basalt altar of Yredelemnul.
  3390 | D:3      | Reached XP level 6. HP: 48/51 MP: 6/6
  3449 | D:3      | Reached skill level 8 in Axes
  3837 | D:3      | Found a hide-covered altar of Uskayaw.
  3837 | D:3      | Found a sparkling altar of Nemelex Xobeh.
  3838 | D:3      | Found a hazy altar of Hepliaklqana.
  4265 | D:4      | Noticed Natasha
  4271 | D:4      | Killed Natasha
  4290 | D:4      | Reached skill level 9 in Axes
  4290 | D:4      | Reached XP level 7. HP: 54/57 MP: 7/7
  4305 | D:4      | Noticed Natasha
  4306 | D:4      | Found a shattered altar of Ashenzari.
  4313 | D:4      | Killed Natasha
  4404 | D:4      | Noticed Natasha
  4434 | D:4      | Killed Natasha
  4738 | D:4      | Found a hide-covered altar of Uskayaw.
  4743 | D:4      | Found a sacrificial altar of Ru.
  4743 | D:4      | Found a sacrificial altar of Ru.
  4745 | D:4      | Found a glowing silver altar of Zin.
  4745 | D:4      | Found a radiant altar of Vehumet.
  4745 | D:4      | Found a shimmering altar of Xom.
  4799 | D:5      | Entered Level 5 of the Dungeon
  4809 | D:5      | Found a glowing drain.
  4828 | Sewer    | Entered a sewer
  4888 | Sewer    | Noticed Purgy
  4896 | Sewer    | Killed Purgy
  5136 | D:5      | Reached skill level 10 in Axes
  5307 | D:5      | Noticed Pikel
  5597 | D:5      | Killed Pikel
  5597 | D:5      | Reached skill level 11 in Axes
  5597 | D:5      | Reached skill level 5 in Armour
  5597 | D:5      | Reached XP level 8. HP: 38/64 MP: 8/8
  6202 | D:5      | Reached skill level 12 in Axes
  6338 | D:5      | Found a white marble altar of Elyvilon.
  6405 | D:5      | Found a sacrificial altar of Ru.
  6727 | D:5      | Found an iron altar of Okawaru.
  7042 | D:6      | Reached XP level 9. HP: 58/70 MP: 9/9
  7320 | D:6      | Found a staircase to the Ecumenical Temple.
  7441 | D:6      | Found a runed translucent door.
  7442 | D:6      | Noticed Crazy Yiuf
  7575 | D:6      | Found a stormy altar of Qazlal.
  7970 | D:6      | Found a shimmering blue altar of Sif Muna.
  8194 | D:6      | Killed Crazy Yiuf
  8194 | D:6      | Reached skill level 13 in Axes
  8501 | D:7      | Reached skill level 14 in Axes
  8984 | D:7      | Got a twisted scale mail
  8994 | D:7      | Identified the +0 scale mail "Plog" {rElec rN+} (You found
                  | it on level 7 of the Dungeon)
  9402 | D:8      | Reached XP level 10. HP: 77/77 MP: 10/10
  9635 | D:8      | Became a worshipper of Beogh the Brigand
  9635 | D:8      | Reached * piety under Beogh
  9635 | D:8      | Reached ** piety under Beogh
 10094 | D:8      | Reached skill level 15 in Axes
 10151 | D:9      | Noticed Prince Ribbit
 10169 | D:9      | Killed Prince Ribbit
 10476 | D:9      | Found a glowing golden altar of the Shining One.
 10518 | D:9      | Reached skill level 1 in Invocations
 10639 | D:9      | Found Dacukh's Antique Armour Shop.
 10642 | D:9      | Bought a pair of glowing gloves for 240 gold pieces
 10988 | D:10     | Entered Level 10 of the Dungeon
 11011 | D:10     | Noticed Erolcha
 11103 | D:10     | Killed Erolcha
 11328 | D:10     | Reached *** piety under Beogh
 11340 | D:10     | Reached skill level 16 in Axes
 11653 | D:10     | Reached XP level 11. HP: 85/85 MP: 14/14
 11799 | D:10     | Killed an unseen horror
 11799 | D:10     | Reached skill level 5 in Fighting
 11848 | D:10     | Reached skill level 5 in Invocations
 12273 | D:10     | Reached skill level 10 in Armour
 12380 | D:10     | Found a staircase to the Orcish Mines.
 12489 | D:11     | Noticed a four-headed hydra
 12500 | D:11     | Killed a four-headed hydra
 12528 | D:11     | Gained Brandogh as an ally
 12688 | D:11     | Reached skill level 17 in Axes
 12985 | D:11     | Found a shimmering altar of Xom.
 13006 | D:11     | Found a frozen archway.
 13016 | IceCv    | Entered an ice cave
 13105 | IceCv    | Noticed a white ugly thing
 13123 | IceCv    | Killed a white ugly thing
 13735 | IceCv    | Engulfed by an ice statue's freezing vapour

Illustrated notes

Levels and vault maps discovered:
D:1:      minmay_arrival_up_and_down, layout_basic, chequers_decorated_corner
D:2:      layout_loops_cross, zin_treasury, lightli_temple_of_fire
D:3:      layout_rooms, nicolae_overflow_hidden_temple,
          gammafunk_temple_overflow_claw, first_ration, minmay_checkerbox
D:4:      layout_rooms, evilmike_ruin_ashenzari, doesnt_xom_only_xom,
          uniq_natasha
D:5:      layout_cave_pods, elyvilon_altar_1, okawaru_gym_becter,
          cheibrodos_sewer_entry_drain, nicolae_ru_path_of_blood, uniq_pikel
D:6:      layout_loops_ring, led_sif_pool, kennysheep_mini_moat, temple_green,
          uniq_crazy_yiuf_cottage
D:7:      layout_loops_cross, grunt_ministairs_9, grunt_livestock
D:8:      layout_gridville, serial_bayou_pond_e
D:9:      layout_cave_pools, old_standard_altar, serial_shops, shop,
          uniq_prince_ribbit1
D:10:     layout_roguey, minmay_orc_entry_guard_dogs, minivault_1,
          kennysheep_kite_vault, uniq_erolcha
D:11:     layout_layer_cave, erik_lair_dragon, basic_altar,
          portal_ice_cave_entry_pillars_1, lemuel_altar_in_water
IceCv:    ice_cave_statue_garden_chambered

Skill      XL: |  1  2  3  4  5  6  7  8  9 10 11 |
---------------+----------------------------------+-----
Axes           | 5 6 7 9 11 12 14 16 17 | 17.3
Armour         | 1 2 3 5 6 8 9 10 | 10.4
Invocations    | 4 6 |  6.4
Fighting       | 4 6 |  6.4
Dodging        | |  2.4
Stealth        | |  1.5
Unarmed Combat | |  0.3

Action                   |  1- 3 |  4- 6 |  7- 9 | 10-12 || total
-------------------------+-------+-------+-------+-------++-------
Melee: Hand axe          |    20 |       |       |       ||    20
       Dagger            |    71 |   270 |   256 |       ||   597
       Punch             |     1 |       |       |       ||     1
       Whip              |       |       |    97 |       ||    97
       War axe           |       |       |   107 |   371 ||   478
Throw: Dart              |     8 |     8 |     2 |       ||    18
       Javelin           |       |       |     3 |       ||     3
Invok: Convert to Beogh  |       |       |       |     1 ||     1
       Smiting           |       |       |       |     4 ||     4
Evoke: Wand              |       |       |       |     2 ||     2
  Use: Scroll            |       |     6 |     5 |     7 ||    18
       Potion            |       |     1 |       |     2 ||     3
 Stab: Sleeping          |     2 |     2 |     1 |       ||     5
       Distracted        |       |       |     1 |     1 ||     2
  Eat: Chunk             |     1 |    10 |    18 |    14 ||    43
       Ration            |       |       |     3 |     1 ||     4
Armor: Robe              |    13 |       |       |       ||    13
       Leather armour    |     4 |    34 |       |       ||    38
       Ring mail         |       |    50 |   200 |       ||   250
       Scale mail        |       |       |    12 |   135 ||   147
Dodge: Dodged            |    71 |   162 |   235 |   186 ||   654
